Map: New Gettysburg LE

Players

ilyos

  • Race: Protoss Protoss
  • League: Gold
  • Spawn Location: 7:00

Fropez - Winner!

  • Race: Protoss Protoss
  • League: Gold
  • Spawn Location: 5:00

VOD

Have the link to the VOD?

Description

Time

  • Played on: Oct. 8, 2016, 11:22 p.m.
  • Length: 13:35
Show
View Real Time Build Order
Export as new Build Order

ilyos Protoss 

Build Orders: Nexus First 

Get SALT Encoding   

  12  0:04  Probe (Chrono Boost)  
  13  0:14  Probe (Chrono Boost)  
  14  0:25  Probe (Chrono Boost)  
  15  0:37  Pylon  
  15  1:01  Nexus  
  15  1:08  Forge  
  15  1:16  Pylon  
  16  1:25  Probe (Chrono Boost)  
  16  1:36  Probe (Chrono Boost)  
  17  1:42  Photon Cannon  
  17  1:53  Pylon  
  17  1:58  Probe (Chrono Boost)  
  18  2:04  Photon Cannon  
  18  2:12  Gateway  
  19  2:15  Probe (Chrono Boost)  
  19  2:24  Assimilator  
  19  2:28  Probe (Chrono Boost)  
  19  2:37  Pylon  
  19  2:38  Probe (Chrono Boost)  
  20  2:46  Probe (Chrono Boost)  
  20  2:49  Probe (Chrono Boost)  
  22  2:57  Probe (Chrono Boost)  
  23  3:00  Probe (Chrono Boost)  
  23  3:03  Cybernetics Core  
  24  3:06  Assimilator  
  24  3:08  Probe (Chrono Boost)  
  24  3:10  Pylon  
  25  3:16  Photon Cannon  
  26  3:20  Probe (Chrono Boost)  
  26  3:26  Zealot  
  28  3:30  Probe (Chrono Boost)  
  28  3:32  Probe (Chrono Boost)  
  30  3:40  Warp Gate (Chrono Boost)  
  30  3:41  Probe (Chrono Boost)  
  31  3:43  Probe (Chrono Boost)  
  32  3:53  Probe (Chrono Boost)  
  30  4:08  Probe (Chrono Boost)  
  31  4:13  Mothership Core (Chrono Boost)  
  33  4:18  Probe (Chrono Boost)  
  34  4:25  Assimilator  
  34  4:29  Probe (Chrono Boost), Assimilator  
  35  4:34  Gateway  
  35  4:36  Gateway  
  35  4:38  Probe (Chrono Boost), Gateway  
  35  4:40  Gateway  
  35  4:43  Stalker  
  38  4:47  Pylon  
  38  4:48  Probe  
  38  4:52  Probe  
  40  4:59  Probe  
  40  5:04  Probe  
  39  5:09  Probe  
  39  5:17  Probe  
  36  5:36  Probe  
  36  5:40  Stalker  
  36  5:42  Stalker x3  
  43  5:43  Stalker  
  43  5:47  Probe  
  48  5:57  Probe  
  48  6:04  Stalker  
  51  6:06  Stalker x2  
  51  6:08  Probe  
  53  6:18  Probe  
  53  6:25  Stalker x2  
  57  6:29  Probe  
  52  6:40  Probe  
  52  6:42  Stalker x3  
  59  6:50  Probe  
  59  6:54  Stalker  
  62  6:56  Stalker  
  62  7:01  Probe  
  64  7:05  Photon Cannon  
  65  7:08  Stalker  
  65  7:09  Stalker  
  69  7:34  Pylon  
  69  7:36  Pylon  
  69  7:37  Pylon  
  69  7:40  Pylon  
  39  8:41  Stalker x5  
  39  8:44  Robotics Facility  
  43  9:02  Pylon  
  41  9:04  Pylon  
  41  9:07  Pylon  
  41  9:10  Stalker  
  41  9:11  Gateway, Stalker  
  41  9:16  Sentry  
  47  9:17  Gateway  
  47  9:19  Gateway  
  47  9:20  Sentry x2  
  47  9:23  Gateway  
  51  9:35  Immortal  
  55  9:47  Stalker x2  
  59  9:53  Sentry  
  59  9:54  Sentry  
  63  10:06  Stalker  
  65  10:17  Stalker  
  65  10:18  Stalker  
  65  10:19  Mothership Core  
  71  10:22  Sentry x2  
  71  10:23  Sentry  
  71  10:26  Probe  
  78  10:34  Zealot  
  80  10:37  Probe  
  80  10:38  Adept  
  83  10:44  Sentry x2  
  83  10:45  Sentry  
  89  10:55  Stalker  
  89  10:56  Stalker  
  93  10:59  Sentry  
  95  11:10  Stalker x2  
  99  11:37  Stalker  
  101  11:40  Sentry x2  
  48  12:26  Stalker  
  48  12:27  Stalker x5  
  48  12:28  Stalker x3  
  50  12:45  Mothership Core  
  50  12:50  Zealot x2  
  50  12:51  Zealot x3  
  58  12:52  Zealot  
  58  12:53  Zealot  
  58  12:56  Sentry  
  68  12:58  Sentry  
  56  13:21  Zealot x2  
  56  13:22  Zealot x2  
Show
View Real Time Build Order
Export as new Build Order

Fropez Protoss - Winner!

Build Orders: 1 Gate Expand 

Get SALT Encoding   

  12  0:01  Probe (Chrono Boost)  
  13  0:14  Pylon  
  13  0:18  Probe (Chrono Boost)  
  14  0:29  Probe (Chrono Boost)  
  15  0:38  Gateway  
  15  0:39  Probe (Chrono Boost)  
  16  0:46  Assimilator  
  17  0:50  Probe (Chrono Boost)  
  17  1:00  Probe (Chrono Boost)  
  18  1:11  Probe (Chrono Boost)  
  19  1:21  Probe (Chrono Boost)  
  20  1:26  Cybernetics Core  
  20  1:32  Probe (Chrono Boost)  
  21  1:41  Nexus  
  22  2:00  Cybernetics Core  
  21  2:08  Probe (Chrono Boost)  
  22  2:12  Pylon  
  22  2:36  Warp Gate (Chrono Boost)  
  23  2:39  Mothership Core  
  24  2:46  Adept  
  26  2:52  Probe  
  27  2:59  Pylon  
  27  3:02  Probe  
  28  3:06  Probe  
  29  3:15  Gateway  
  29  3:16  Probe  
  30  3:21  Probe  
  30  3:26  Assimilator  
  31  3:28  Probe  
  31  3:30  Adept  
  31  3:32  Probe  
  35  3:42  Probe  
  35  3:43  Gateway  
  36  4:11  Pylon  
  36  4:24  Probe  
  34  4:25  Probe  
  34  4:26  Twilight Council  
  34  4:29  Gateway  
  36  4:33  Adept x2  
  36  4:38  Adept  
  42  4:42  Probe x2  
  44  4:52  Pylon  
  44  4:56  Probe  
  44  4:57  Probe  
  40  5:29  Adept x2, Probe  
  40  5:30  Adept, Probe  
  40  5:32  Resonating Glaives  
  48  5:44  Nexus  
  48  5:46  Assimilator  
  48  5:51  Assimilator  
  48  5:54  Pylon x2  
  48  5:55  Gateway  
  48  5:58  Gateway  
  48  6:01  Gateway x2  
  48  6:04  Adept x3  
  48  6:05  Adept  
  48  6:06  Gateway  
  48  6:36  Probe, Stalker x3  
  48  6:37  Probe, Stalker  
  52  6:45  Forge  
  52  6:47  Probe, Forge  
  52  6:50  Probe  
  54  6:57  Probe  
  54  6:59  Pylon  
  54  7:00  Pylon  
  55  7:02  Probe  
  55  7:05  Assimilator  
  55  7:08  Probe  
  56  7:10  Protoss Ground Armor Level 1 (Chrono Boost)  
  56  7:14  Blink  
  57  7:20  Protoss Ground Weapons Level 1 (Chrono Boost)  
  57  7:29  Adept x2  
  61  7:30  Adept x4  
  61  7:31  Adept x2  
  61  7:33  Adept  
  71  7:55  Mothership Core (Chrono Boost)  
  71  7:57  Stalker x2  
  56  8:20  Stalker x2  
  56  8:25  Zealot x2  
  56  8:26  Zealot x5  
  64  8:44  Probe (Chrono Boost)  
  61  8:49  Stalker  
  61  8:50  Stalker x3  
  67  9:00  Adept x2  
  67  9:01  Adept  
  73  9:05  Probe (Chrono Boost)  
  73  9:06  Probe (Chrono Boost)  
  75  9:12  Adept  
  78  9:17  Probe (Chrono Boost)  
  78  9:18  Probe (Chrono Boost)  
  79  9:26  Protoss Ground Weapons Level 2 (Chrono Boost)  
  79  9:27  Protoss Ground Armor Level 2 (Chrono Boost)  
  79  9:28  Probe (Chrono Boost)  
  80  9:37  Assimilator  
  80  9:39  Adept  
  82  9:50  Dark Shrine  
  82  9:56  Robotics Facility  
  82  9:59  Robotics Facility  
  82  10:08  Adept x4  
  90  10:26  Adept x5  
  100  10:40  Nexus  
  100  10:45  Pylon  
  100  11:21  Adept x4  
  100  11:22  Adept x4  
  112  11:57  Stalker x6  
  112  11:58  Stalker  
  98  12:19  Dark Templar x2  
  92  12:34  Adept x3  
  92  12:35  Adept x4  
  106  12:44  Probe  
  106  12:45  Assimilator  
  106  12:47  Pylon, Assimilator  
  106  12:49  Pylon  
  107  12:52  Warp Prism  
  107  12:53  Immortal  
  103  13:30  Adept x5  
  103  13:31  Adept x4  
Tags
 
Add a new tag
Caveats
  • Supply blocks, unpowered buildings, or Contaminate may cause inaccurate times.
  • Supply counts are checked every 10 seconds.